 Dungeon Crawl Stone Soup version 0.27.1-3-gb3d3a73c9e (webtiles) character file.

Game seed: 7132228099488076673

119 Descartes the Digger (level 5, 0/35 HPs)
             Began as a Formicid Earth Elementalist on Oct 6, 2021.
             Slain by Pikel (6 damage)
             ... on level 3 of the Dungeon.
             The game lasted 00:11:06 (5524 turns).

Descartes the Digger (Formicid Earth Elementalist)  Turns: 5524, Time: 00:11:07

Health: 0/35       AC: 12    Str: 13    XL:     5   Next: 24%
Magic:  9/9        EV:  6    Int: 15    God:
Gold:   128        SH:  0    Dex: 11    Spells: 5/9 levels left

rFire    . . .     SeeInvis +   h - +0 war axe
rCold    . . .     Faith    .   (no shield)
rNeg     . . .     Spirit   .   d - +0 chain mail
rPois    .         Reflect  .   (helmet unavailable)
rElec    .         Harm     .   a - +1 cloak
rCorr    .         Rampage  .   q - +0 pair of gloves
Will     .....                  (no boots)
Stlth    ..........             (no amulet)
HPRegen  0.11/turn              (no ring)
MPRegen  0.11/turn              (no ring)

@: silenced (expiring)
A: permanent stasis, dig shafts and tunnels, antennae 3, four strong arms
a: Dig, Shaft Self


You were on level 3 of the Dungeon.
You visited 1 branch of the dungeon, and saw 4 of its levels.

You collected 128 gold pieces.

Inventory:

Hand Weapons
 h - a +0 war axe (weapon)
Missiles
 c - 48 stones
 e - 18 bolts
 i - 15 poisoned darts
 j - 4 curare-tipped darts
 m - 3 boomerangs
 u - 2 javelins
Armour
 a - a +1 cloak (worn)
 d - a +0 chain mail (worn)
 q - a +0 pair of gloves (worn)
Jewellery
 b - a ring of fire
Scrolls
 g - a scroll of magic mapping
 k - 3 scrolls of teleportation
 p - a scroll of fog {unknown}
 s - a scroll of noise {unknown}
 t - a scroll of fear


   Skills:
 - Level 3.0 Armour
 - Level 1.7 Dodging
 - Level 2.4 Stealth
 + Level 2.7 Spellcasting
 - Level 1.1 Transmutations
 + Level 5.2 Earth Magic


You had 5 spell levels left.
You knew the following spells:

 Your Spells              Type           Power      Damage    Failure   Level
a - Sandblast             Erth           34%        2d9       56%         1
b - Stone Arrow           Conj/Erth      18%        3d8       99%         3

Your spell library contained the following spells:

 Spells                   Type           Power      Damage    Failure   Level
 Passwall                 Tmut/Erth      9%         N/A       94%         2
 Freeze                   Ice            8%         1d3       99%         1
 Ensorcelled Hibernation  Hex/Ice        4%         N/A       100%        2
 Inner Flame              Hex/Fire       2%         N/A       100%        3
 Ozocubu's Armour         Ice            2%         N/A       100%        3
 Spider Form              Tmut/Pois      1%         N/A       100%        3
 Petrify                  Tmut/Erth      11%        N/A       100%        4
 Shadow Creatures         Summ           N/A        N/A       100%        6


Dungeon Overview and Level Annotations

Branches:
Dungeon (4/15)
 Temple: D:4-7

Altars:

Shops:
D:3 *   D:4 :

Annotations:
D:3 Pikel


Innate Abilities, Weirdness & Mutations

You cannot be hasted, slowed, berserked, paralysed or teleported.
You can dig through walls and to a lower floor.
You have a pair of large antennae on your head. (SInv)
Your four strong arms can wield two-handed weapons with a shield.


Message History

Unknown command.
As you read the scroll labelled VILAKIMAESE, it crumbles to dust.
A profound silence engulfs you.
It was a scroll of silence.
Magic scrolls do not work when you're silenced!
Unknown command.
It was a potion of curing.
You feel better.
It was a potion of ambrosia.
You are confused.
You feel invigorated.
You climb downwards.
Level annotation: Pikel Pikel hits you with a +1 whip of electrocution.
There is a stone staircase leading up here.
Pikel barely misses you.
You climb upwards.
There is a stone staircase leading down here.
You feel less invigorated.
You feel less confused.
You closely miss Pikel.
Pikel hits you with a +1 whip of electrocution. x2
You hit Pikel.
Pikel is lightly wounded.
Pikel hits you with a +1 whip of electrocution!
You are electrocuted!
* * * LOW HITPOINT WARNING * * *
You hit Pikel but do no damage.
Pikel is lightly wounded.
Pikel hits you with a +1 whip of electrocution.
* * * LOW HITPOINT WARNING * * *
Pikel hits you but does no damage.
Your chain mail prevents you from hitting Pikel.
Pikel is lightly wounded.
Pikel completely misses you.
You barely miss Pikel.
Pikel is lightly wounded.
Pikel barely misses you. Pikel hits you but does no damage.
You hit Pikel but do no damage.
Pikel is lightly wounded.
Pikel hits you with a +1 whip of electrocution.
You die...

############ #..........#
#..........# #..........##
###########............
###########....K@...+...........#
#........##+.##.#####...........#
#.....................####.......
#........##..##..##............).
#.......####....####..####.......
#####...## ##..## ##..# #.......
#....## #..# ##...# #.......
#.....###..###....# #.......
#...#..........#.+####.......


You could see Pikel.

Vanquished Creatures
  An orc wizard (D:3)
  2 adders (D:3)
  A worm (D:2)
  3 dart slugs
  5 orcs
  8 ball pythons
  3 endoplasms
  2 giant cockroaches
  4 goblins
  6 hobgoblins
  6 jackals
  2 kobolds (D:2)
  3 quokkas
  4 bats
  4 frilled lizards
  10 rats
64 creatures vanquished.

Notes
Turn   | Place    | Note
-------+----------+-------------------------------------------
     0 | D:1      | Descartes the Formicid Earth Elementalist began the quest
                  | for the Orb.
     0 | D:1      | Reached XP level 1. HP: 13/13 MP: 3/3
   519 | D:1      | Reached skill level 1 in Armour
   519 | D:1      | Reached XP level 2. HP: 17/19 MP: 0/5
   531 | D:1      | Reached skill level 4 in Earth Magic
   925 | D:1      | Got the Catalogue of Glamour and Ice
  1336 | D:1      | Reached XP level 3. HP: 23/24 MP: 6/6
  1645 | D:1      | Found a faded altar of an unknown god.
  2889 | D:2      | Reached XP level 4. HP: 16/30 MP: 4/7
  3165 | D:3      | Found Sineakka's General Store.
  3864 | D:3      | Reached skill level 5 in Earth Magic
  4371 | D:3      | Reached XP level 5. HP: 18/35 MP: 8/8
  5000 | D:4      | Found Zaof's Book Boutique.
  5113 | D:4      | Noticed a lemure
  5116 | D:4      | Noticed a lemure
  5116 | D:4      | Noticed a lemure
  5463 | D:3      | Learned a level 3 spell: Stone Arrow
  5499 | D:4      | Noticed Pikel
  5501 | D:4      | Noticed a lemure
  5524 | D:3      | Slain by Pikel

Illustrated notes

Levels and vault maps discovered:
D:1:      amcnicky_arrival_double_pillar, layout_basic,
          dreamdust_ecumenical_altar_hidden_monk_grotto, minmay_pentomino_q2
D:2:      layout_basic
D:3:      layout_basic, serial_shops, shop, corexii_hall_statues_i,
          hangedman_glass_teeth, palyth_stone_intersect, dk_noncrumbling_4
D:4:      layout_layer_cave, serial_shops, kennysheep_little_box, shop,
          minmay_misc_feat_square, uniq_ijyb, uniq_menkaure, uniq_pikel

Skill      XL: |  1  2  3  4  5 |
---------------+----------------+-----
Armour         | 1 2 3 |  3.0
Earth Magic    | 4 5 |  5.2
Dodging        | |  1.7
Stealth        | |  2.4
Spellcasting   | |  2.7
Transmutations | |  1.1

Action                   |  1- 3 |  4- 6 || total
-------------------------+-------+-------++-------
Melee: Unarmed           |    13 |       ||    13
       Club              |   184 |    60 ||   244
       War axe           |       |   118 ||   118
 Cast: Sandblast         |    12 |     8 ||    20
 Abil: Dig               |     2 |       ||     2
  Use: Scroll            |       |     6 ||     6
       Potion            |       |     2 ||     2
Armor: Chain mail        |   177 |   164 ||   341
       Robe              |     3 |       ||     3
Dodge: Dodged            |    83 |    88 ||   171
